 Dungeon Crawl Stone Soup version 0.31-a0-1008-g5b978dac0e (webtiles) character file.

Game seed: 7579453103200305032

36 Jannitor the Sneak (level 3, -1/33 HPs)
             Began as an Armataur Delver on Nov 12, 2023.
             Was an Initiate of Elyvilon.
             Slain by Edmund
             ... wielding a +1 flail of protection
              (3 damage)
             ... on level 4 of the Dungeon.
             The game lasted 00:06:28 (1090 turns).

Jannitor the Sneak (Armataur Delver)                Turns: 1090, Time: 00:06:28

Health: -1/33      AC:  5    Str: 19    XL:     3   Next: 19%
Magic:  3/3        EV:  9    Int: 10    God:    Elyvilon [......]
Gold:   18         SH:  0    Dex: 11    Spells: 2/2 levels left

rFire   . . .        a - +0 mace
rCold   . . .        (no shield)
rNeg    . . .        d - +0 ring mail
rPois   .            (no helmet)
rElec   .            (no cloak)
rCorr   .            (no gloves)
SInv    .            (no barding)
Will    .....        (no amulet)
Stlth   ++           (no ring)
HPRegen 0.25/turn    (no ring)
MPRegen 0.08/turn

%: roll
@: no status effects
A: large, rugged brown scales 3, deformed body, armoured tail, roll, long
tongue, awkward tongue
a: Renounce Religion


You were on level 4 of the Dungeon.
You worshipped Elyvilon.
Elyvilon was noncommittal.
You visited 1 branch of the dungeon, and saw 3 of its levels.
You also visited: Sewer.

You collected 18 gold pieces.

Inventory:

Hand Weapons
 a - a +0 mace (weapon)
Armour
 b - a +0 leather armour
 d - a +0 ring mail (worn)
Wands
 g - a wand of digging (1)


   Skills:
 + Level 3.1 Fighting
 + Level 2.2 Maces & Flails
 + Level 0.0 Armour
 + Level 1.8 Dodging
 - Level 5.7 Stealth
 + Level 0.0 Invocations


You had 2 spell levels left.
You didn't know any spells.
Your spell library contained the following spells:

 Spells                   Type           Power      Damage    Failure   Level
 Cigotuvi's Dreadful Rot  Necr/Pois/Air  0%         N/A       69%         2
 Call Canine Familiar     Summ           0%         N/A       89%         3
 Vampiric Draining        Necr           0%         2d6       89%         3
 Anguish                  Hex/Necr       0%         N/A       100%        4
 Cause Fear               Hex            0%         N/A       100%        4
 Summon Lightning Spire   Summ/Air       0%         N/A       100%        4
 Enfeeble                 Hex            0%         N/A       100%        7
 Spellforged Servitor     Conj/Summ      0%         N/A       100%        7


Dungeon Overview and Level Annotations

Branches:
Dungeon (6/15)             Temple (0/1) D:5           Sewer (visited)

Altars:
Elyvilon

Annotations:
D:4 Edmund
D:5 exclusion: scorpion, Sigmund


Innate Abilities, Weirdness & Mutations

You are completely covered in rugged brown scales. (AC +3, +7% HP)
Armour fits poorly on your strangely shaped body.
You have a long armoured tail.
You roll when moving toward enemies. (Rampage)
Your long tongue fully drains potion bottles. (2x potion effects)
Your tongue gives you trouble enunciating. (1.5x scroll delay)


Message History

Unknown command.
Unknown command.
Unknown command.
The phantom attacks as it pursues you!
The phantom hits you but does no damage.
The phantom attacks as it pursues you! The phantom barely misses you.
The gnoll bouda barks out a call to the hunt!
The gnoll is no longer moving quickly.
The phantom attacks as it pursues you! The phantom hits you.
* * * LOW HITPOINT WARNING * * *
The phantom blinks!
You blink.
The gnoll bouda barks out a call to the hunt!
The gnolls pick up the pace!
The phantom hits you! Elyvilon protects you from harm!
The phantom blinks!
You blink.
Edmund the Younger comes into view.
He is wielding a +1 flail of protection, wearing a +3 chain mail of poison resistance and carrying a wand of flame.
Found 10 gold pieces.
Found a stone staircase leading down.
Edmund moves out of view.
You roll towards the hobgoblin!
A goblin comes into view. It is wielding a +0 dagger.
The helpless hobgoblin fails to defend itself.
You sock the hobgoblin!
You kill the hobgoblin!
Found 5 poisoned darts.
The phantom attacks as it pursues you! The phantom hits you.
* * * LOW HITPOINT WARNING * * *
The phantom attacks as it pursues you! The phantom barely misses you.
The phantom attacks as it pursues you! The phantom hits you.
* * * LOW HITPOINT WARNING * * *
The phantom blinks!
You blink.
The gnoll bouda barely misses you.
The gnoll is no longer moving quickly.
The phantom attacks as it pursues you! The phantom hits you.
Elyvilon protects you from harm!
The phantom blinks!
You blink.
The gnoll bouda shouts!
Edmund attacks as he pursues you!
Edmund hits you with a +1 flail of protection.
You die...
Edmund says, "I'd like to see a scythe do that!"

.g+ #$## .g# #...### #.#
.# #.# #......#####>.##.#
#g###..............g..#
#.##..................#
##.#..##..# #........(.#
gg....#..# #.g.........
.####..|#####.g.........
#.####....gSĀ§.W@@.......
#g..g...#..g#..........#
..#.S...###....#########
.S...#### ####..#########
.###....... ##.........#
.# ###.#### #########.#
.# ## .# .. .. .. .#


You could see Edmund, a phantom, a gnoll bouda, 3 gnolls, a goblin (wandering)
and a ball python.

Vanquished Creatures
  An adder (Sewer)
  An endoplasm (D:4)
  11 giant cockroaches
  A hobgoblin (D:4)
  3 quokkas (Sewer)
  4 ball pythons
  3 frilled lizards (Sewer)
24 creatures vanquished.

Notes
Turn   | Place    | Note
-------+----------+-------------------------------------------
     0 | D:5      | Jannitor the Armataur Delver began the quest for the Orb.
     0 | D:5      | Reached XP level 1. HP: 19/19 MP: 1/1
    28 | D:5      | Noticed Sigmund
    28 | D:5      | Noticed a hound
    55 | D:6      | Found a glowing drain.
    66 | Sewer    | Entered a sewer
   175 | Sewer    | Reached XP level 2. HP: 15/26 MP: 2/2
   781 | Sewer    | Reached XP level 3. HP: 33/33 MP: 3/3
   813 | Sewer    | Noticed a bullfrog
   841 | D:5      | Noticed a scorpion
   996 | D:4      | Found a white marble altar of Elyvilon.
  1004 | D:4      | Became a worshipper of Elyvilon the Healer
  1043 | D:4      | Got the Quarto of Creative Sciomancy
  1055 | D:4      | Noticed a phantom
  1079 | D:4      | Elyvilon protects you from harm!
  1082 | D:4      | Noticed Edmund
  1089 | D:4      | Elyvilon protects you from harm!
  1090 | D:4      | Slain by Edmund

Illustrated notes

Levels and vault maps discovered:
D:4:      layout_rooms, elyvilon_altar_1, vehumet_statue,
          gup_ossuary_entry_pyramid, nicolae_wormholes, uniq_grinder,
          uniq_edmund
D:5:      wad_pebble_path, layout_basic, kennysheep_mini,
          minmay_temple_entry_tees, uniq_sigmund
D:6:      layout_gridville, grunt_temple_overflow_growth_and_decay,
          general_overflow_altar, cheibrodos_sewer_entry_sluice,
          chequers_serial_rivers_large_a, minmay_parallelograms

Skill      XL: |  1  2 |
---------------+-------+-----
Maces & Flails | 2 |  2.2
Fighting       | 3 |  3.1
Dodging        | |  1.8
Stealth        | |  5.7

Action                     || total
---------------------------++-------
  Melee: Mace              ||    99
         Tailslap          ||     8
  Evoke: Wand              ||     2
    Use: Potion            ||     2
         Scroll            ||     5
   Stab: Sleeping          ||     3
 Armour: Leather armour    ||    74
         Ring mail         ||    18
  Dodge: Dodged            ||    56

Table legend: (Time is in decaauts)
 A = Elapsed time spent in this place.
 B = Non-inter-level travel time spent in this place.
 C = Inter-level travel time spent in this place.
 D = Time resting spent in this place.
 E = Time spent auto-exploring this place.
 F = Levels seen in this place.
 G = Mean time per level.
                   A        B        C        D        E       F      G
               +--------+--------+--------+--------+--------+-----+--------+
         Total |   1102 |   1102 |      0 |    335 |    128 |   4 |  275.5 |
       Dungeon |    326 |    326 |      0 |     85 |     45 |   3 |  108.7 |
         Sewer |    776 |    776 |      0 |    250 |     83 |   1 |  776.0 |
               +--------+--------+--------+--------+--------+-----+--------+

Top non-repeatable levels by time:
   Sewer: 776 daAuts
     D:5: 166 daAuts
     D:4: 142 daAuts
     D:6: 17 daAuts
